 Dungeon Crawl Stone Soup version 0.27.1 (webtiles) character file.

Game seed: 15439174410988057611

387 Sabo the Shield-Bearer (level 6, -1/38 HPs)
             Began as a Gargoyle Fighter on Aug 27, 2021.
             Frozen to death by ZARRMARR's ghost (8 damage)
             ... on level 4 of the Dungeon.
             The game lasted 00:16:01 (3759 turns).

Sabo the Shield-Bearer (Gargoyle Fighter)           Turns: 3759, Time: 00:16:02

Health: -1/38      AC: 15    Str: 23    XL:     6   Next: 78%
Magic:  6/6        EV:  6    Int:  8    God:
Gold:   215        SH: 10    Dex: 10    Spells: 5/5 levels left

rFire    . . .     SeeInvis .   b - +4 hand axe
rCold    . . .     Faith    .   c - +0 kite shield
rNeg     + . .     Spirit   .   u - +0 chain mail
rPois    ∞         Reflect  .   s - +0 helmet of Unambiguity {Str+2}
rElec    +         Harm     .   (no cloak)
rCorr    .         Rampage  .   (no gloves)
Will     .....                  (no boots)
Stlth    ..........             r - amulet of magic regeneration
HPRegen  0.12/turn              (no ring)
MPRegen  0.35/turn              (no ring)

@: no status effects
A: sickness immunity, AC +4, negative energy resistance 1, electricity
resistance, torment resistance 1, petrification resistance
a: no special abilities


You were on level 4 of the Dungeon.
You visited 1 branch of the dungeon, and saw 4 of its levels.

You collected 215 gold pieces.

Inventory:

Hand Weapons
 a - a +0 flail
 b - a +4 hand axe (weapon)
 g - a +0 hunting sling
 p - a +0 short sword of holy wrath
Missiles
 d - 6 boomerangs
 e - 13 sling bullets
 i - 25 poisoned darts
 j - 22 bolts
 n - 3 javelins (quivered)
Armour
 c - a +0 kite shield (worn)
 s - the +0 helmet of Unambiguity (worn) {Str+2}
   (You found it on level 4 of the Dungeon)

   Str:       It affects your strength (+2).
 u - a +0 chain mail (worn)
Jewellery
 r - an amulet of magic regeneration (around neck)
Scrolls
 f - a scroll of teleportation
 k - a scroll of fog
 l - a scroll of blinking
 t - a scroll of fear {unknown}
Potions
 h - a potion of mutation {unknown}
 m - a potion of heal wounds {unknown}
 o - a potion of ambrosia {unknown}
 q - a potion of flight {unknown}


   Skills:
 + Level 4.2 Fighting
 + Level 0.8(2.3) Axes
 + Level 4.0 Maces & Flails
 + Level 0.4 Throwing
 + Level 4.5 Armour
 + Level 1.7 Dodging
 + Level 0.2 Stealth
 + Level 4.6 Shields


You had 5 spell levels left.
You didn't know any spells.
Your spell library contained the following spells:

 Spells                   Type           Power      Damage    Failure   Level
 Summon Small Mammal      Summ           0%         N/A       100%        1
 Call Canine Familiar     Summ           0%         N/A       100%        3
 Ignite Poison            Fire/Tmut/Pois 0%         N/A       100%        3
 Mephitic Cloud           Conj/Pois/Air  0%         N/A       100%        3
 Summon Guardian Golem    Hex/Summ       0%         N/A       100%        3
 Bolt of Magma            Conj/Fire/Erth 0%         4d4       100%        5


Dungeon Overview and Level Annotations

Branches:
Dungeon (4/15)
 Temple: D:4-7

Altars:

Annotations:
D:3 3 runed translucent doors, JBAR's ghost, amateur GrEn
D:4 ZARRMARR's ghost, amateur MfIE


Innate Abilities, Weirdness & Mutations

You are immune to sickness and miasma.
Your stone body is resilient. (AC +4)
You are immune to poison.
You resist negative energy. (rN+)
You are resistant to electric shocks. (rElec)
You are resistant to unholy torment.
You are immune to petrification.


Message History

You completely miss scottley's ghost.
Scottley's ghost is severely damaged.
Scottley's ghost hits you but does no damage.
You hit scottley's ghost.
Scottley's ghost is severely damaged.
Scottley's ghost hits you.
Scottley's ghost hits you but does no damage.
You hit scottley's ghost.
Scottley's ghost is almost destroyed.
Scottley's ghost hits you but does no damage.
You hit scottley's ghost but do no damage.
Scottley's ghost is almost destroyed.
The rat twitches its whiskers.
Scottley's ghost barely misses you.
Scottley's ghost hits you but does no damage.
You hit scottley's ghost.
You destroy scottley's ghost!
The quokka disappears in a puff of smoke!
The bat disappears in a puff of smoke!
The rat disappears in a puff of smoke!
Your Maces & Flails skill increases to level 4!
You slash ZARRMARR's ghost!
ZARRMARR's ghost is moderately damaged.
ZARRMARR's ghost barely misses you.
ZARRMARR's ghost hits you but does no damage.
You slash ZARRMARR's ghost!
ZARRMARR's ghost is severely damaged.
ZARRMARR's ghost hits you but does no damage.
You closely miss ZARRMARR's ghost.
ZARRMARR's ghost is severely damaged.
ZARRMARR's ghost freezes you.
You are frozen!
* * * LOW HITPOINT WARNING * * *
You hit ZARRMARR's ghost.
ZARRMARR's ghost is severely damaged.
You block ZARRMARR's ghost's attack. ZARRMARR's ghost barely misses you.
You miss ZARRMARR's ghost.
ZARRMARR's ghost is severely damaged.
ZARRMARR's ghost freezes you.
You are frozen!
You die...

...###8.8# #...# #.#.####.## #..
....###.###....# #.........####.#
.....##'##.....# #.#######.#...##
...............# #.# #.#.##.#
#######.#.###### #.# #.#)# ..
#######...# #.# #.#.# .#
..))..†...# #.##### #.#.# .#
########..# ###.....# #...##.#
#..# #@W.....# ##..##<# ## #..#
###'''### #..##.# .## #[.#
♣.......♣ #...... #.## #.##
#⌠.......⌠# #.).... ##.#####.#
#♣.......♣# #...... #.......#
!.......:# #......
##.####.#.######8.....8####......
#......###.>...##(♣⌠♣.##..#......
..###.# #..(..#########........


You could see ZARRMARR's ghost.

Vanquished Creatures
  The ghost of scottley the Sneak, an amateur SpBr (D:4)
  A black bear (D:4)
  An orc priest (D:4)
  An orc wizard (D:4)
  A howler monkey skeleton (D:4)
  6 adders
  An adder skeleton (D:4)
  2 worms (D:2)
  10 orcs (D:4)
  5 bats
  5 endoplasms
  2 giant cockroaches (D:1)
  A goblin (D:1)
  3 hobgoblins
  10 jackals
  3 kobolds
  3 quokkas
  6 ball pythons
  3 frilled lizards
  4 rats
69 creatures vanquished.

Vanquished Creatures (others)
  A plant (D:3)
1 creature vanquished.

Grand Total: 70 creatures vanquished

Notes
Turn   | Place    | Note
-------+----------+-------------------------------------------
     0 | D:1      | Sabo the Gargoyle Fighter began the quest for the Orb.
     0 | D:1      | Reached XP level 1. HP: 14/14 MP: 1/1
   262 | D:1      | Reached XP level 2. HP: 19/19 MP: 2/2
   779 | D:2      | Reached XP level 3. HP: 23/23 MP: 3/3
  1475 | D:2      | Reached XP level 4. HP: 21/28 MP: 4/4
  2381 | D:3      | Found a runed translucent gate.
  2382 | D:3      | Found a runed translucent gate.
  2383 | D:3      | Found a runed translucent gate.
  2384 | D:3      | Noticed JBAR's ghost (amateur GrEn)
  2385 | D:3      | Noticed a kobold brigand
  2845 | D:4      | Identified the +0 helmet of Unambiguity {Str+2}
  2899 | D:4      | Reached skill level 1 in Dodging
  3048 | D:4      | Reached XP level 5. HP: 32/33 MP: 5/5
  3091 | D:4      | Noticed a black bear
  3112 | D:4      | Killed a black bear
  3116 | D:4      | Reached XP level 6. HP: 9/38 MP: 6/6
  3720 | D:4      | Found a runed translucent gate.
  3720 | D:4      | Found a runed translucent gate.
  3722 | D:4      | Found a runed translucent gate.
  3724 | D:4      | Noticed ZARRMARR's ghost (amateur MfIE)
  3724 | D:4      | Noticed scottley's ghost (amateur SpBr)
  3754 | D:4      | Killed scottley's ghost
  3759 | D:4      | Frozen to death by ZARRMARR's ghost

Illustrated notes

Levels and vault maps discovered:
D:1:      giann_wishing_wells, layout_rooms, minmay_tromino_i4
D:2:      layout_basic, serial_rivers, chequers_serial_rivers_large_a,
          chequers_serial_rivers_micro_b, chequers_serial_rivers_micro_a,
          chequers_serial_rivers_large_b
D:3:      layout_rooms, gammafunk_ghost_nasty_kobolds, serial_bayou_lagoon_a,
          minmay_misc_feat_cross, st_stairs_12, minmay_fountain_box
D:4:      layout_loops_ring, gammafunk_ghost_cemetery, wad_orctagon

Skill      XL: |  1  2  3  4  5  6 |
---------------+-------------------+-----
Armour         | 4 |  4.5
Dodging        | 1 |  1.7
Fighting       | 4 |  4.2
Maces & Flails | 3 4 |  4.0
Shields        | 4 |  4.6
Axes           | |  0.8
Throwing       | |  0.4
Stealth        | |  0.2

Action                   |  1- 3 |  4- 6 || total
-------------------------+-------+-------++-------
Melee: Flail             |   123 |   115 ||   238
       Hand axe          |       |    31 ||    31
Throw: Javelin           |       |     3 ||     3
  Use: Scroll            |       |     4 ||     4
       Potion            |       |     1 ||     1
Armor: Scale mail        |    62 |    97 ||   159
       Chain mail        |       |    26 ||    26
Dodge: Dodged            |    42 |    66 ||   108
Block: Kite shield       |    66 |    93 ||   159
